 Dungeon Crawl Stone Soup version 0.20.0-15-g7f486f2 (webtiles) character file.

248310 ghwc the Bludgeoner (level 18, -4/135 HPs)
             Began as a Demonspawn Gladiator on June 14, 2017.
             Was a High Priest of Hepliaklqana.
             Succumbed to a sea snake's poison
             ... on level 4 of the Shoals on June 16, 2017.
             The game lasted 02:28:43 (40734 turns).

ghwc the Bludgeoner (Demonspawn Gladiator)         Turns: 40734, Time: 02:28:43

Health: -4/135     AC: 21    Str: 22    XL:     18   Next: 84%
Magic:  1/28       EV: 17    Int: 11    God:    Hepliaklqana [*****.]
Gold:   1341       SH:  8    Dex: 30    Spells: 13/17 levels left

rFire    + . .     SeeInvis .   a - +6 dire flail "Siulig" {crush, rElec rC+ rN++ Str-2}
rCold    + + +     Gourm    .   (shield currently unavailable)
rNeg     + + .     Faith    +   d - +1 ice dragon scales of the Snake Pit {+Blink rPois rF- rC++}
rPois    +         Spirit   +   v - +0 hat "Soer" {rElec Regen+ Str+3 Int+2}
rElec    +         Reflect  .   x - +2 cloak {+Inv}
rCorr    +         Harm     .   e - +2 pair of gloves {Dex+3}
MR       +....                  (boots unavailable)
Stlth    +.........             O - amulet of faith
Regen    0.8/turn               L - ring "Xiebifro" {rPois rF+ rC- Str+5}
MPRegen  0.3/turn               R - +5 ring of dexterity

@: lethally poisoned (-4 -> -61), resistant, hasted, glowing, slow
A: reduced essence, hooves 3, large bone plates 3, blink, cold resistance 1,
demonic guardian 3, wild magic 1, magic shield, freezing cloud immunity
}: 2/15 runes: serpentine, barnacled
a: Blink, Recall Ancestor, Ancestor Identity, Transference, Idealise, Renounce
Religion, Evoke Blink, Evoke Invisibility


You were on level 4 of the Shoals.
You worshipped Hepliaklqana.
Hepliaklqana was extremely pleased with you.
You were hungry.

You visited 6 branches of the dungeon, and saw 32 of its levels.
You visited 1 bazaar.
You also visited: Labyrinth, Ice Cave and Volcano.

You collected 3467 gold pieces.
You spent 2126 gold pieces at shops.

Inventory:

Hand Weapons
 a - the +6 dire flail "Siulig" (weapon) {crush, rElec rC+ rN++ Str-2}
   (You found it on level 12 of the Dungeon)

   It inflicts extra damage upon your enemies.
   It affects your strength (-2).
   It protects you from cold.
   It insulates you from electricity.
   It greatly protects you from negative energy.
 b - the +8 storm bow {elec}
   (You took it off a minotaur in a labyrinth)

   It charges the ammunition it shoots with electricity; occasionally upon a
   hit, such missiles may discharge and cause terrible harm.
 w - the +3 morningstar "Qonih" {antimagic, rF+++ SInv}
   (You found it on level 11 of the Dungeon)

   It reduces the magical energy of the wielder, and disrupts the spells and
   magical abilities of those hit.
   Natural abilities and divine invocations are not affected.
   It renders you almost immune to fire.
   It lets you see invisible.
Missiles
 j - 720 arrows
 q - 3 throwing nets (quivered)
Armour
 d - the +1 ice dragon scales of the Snake Pit (worn) {+Blink rPois rF- rC++}
   (You found it in an ice cave)

   It makes you vulnerable to fire.
   It greatly protects you from cold.
   It protects you from poison.
   It lets you blink.
 e - a +2 pair of gloves of dexterity (worn)
 v - the +0 hat "Soer" (worn) {rElec Regen+ Str+3 Int+2}
   (You acquired it on level 2 of the Snake Pit)

   It affects your strength (+3).
   It affects your intelligence (+2).
   It insulates you from electricity.
   It increases your rate of regeneration.
 x - a +2 cloak of invisibility (worn)
 Y - the +3 salamander hide armour {+Rage rF++}
   (You found it on level 6 of the Lair of Beasts)

   It greatly protects you from fire.
   It lets you go berserk.
Jewellery
 h - an uncursed ring of protection from fire
 s - an uncursed ring of wizardry
 G - an uncursed amulet of rage
 K - a +3 amulet of reflection
 L - the ring "Xiebifro" (left hand) {rPois rF+ rC- Str+5}
   (You found it on level 7 of the Dungeon)

   [ring of poison resistance]

   It affects your strength (+5).
   It protects you from fire.
   It makes you vulnerable to cold.
   It protects you from poison.
 O - an amulet of faith (around neck)
 Q - an uncursed ring of protection from cold
 R - a +5 ring of dexterity (right hand)
Wands
 c - a wand of acid (8/15)
 l - a wand of acid (7/15)
 o - a wand of disintegration (6/24)
 r - a wand of digging (4/24)
 N - a wand of acid (5/15)
 P - a wand of clouds (6/9)
 W - a wand of clouds (4/9)
Scrolls
 k - 11 scrolls of remove curse
 m - a scroll of fog
 t - a scroll of brand weapon
 y - a scroll of blinking
 z - 2 scrolls of enchant weapon
 A - 7 scrolls of identify
 B - 8 scrolls of amnesia
 F - 2 scrolls of recharging
 I - 6 scrolls of enchant armour
 J - 18 scrolls of teleportation
 X - 2 scrolls of summoning
 Z - a scroll of fear
Potions
 g - a potion of brilliance
 n - 3 potions of magic
 p - 3 potions of cancellation
 u - a potion of might
 C - a potion of berserk rage
 D - a potion of ambrosia
 H - 7 potions of flight
 T - a potion of lignification
 V - a potion of resistance
Miscellaneous
 S - a lightning rod (4/4)
Comestibles
 f - 10 bread rations
 E - 3 chunks of flesh
 U - 2 meat rations


   Skills:
 + Level 15.9 Fighting
 - Level 16.0 Maces & Flails
 + Level 14.1 Bows
 - Level 1.7 Throwing
 - Level 11.0 Armour
 - Level 7.3 Dodging
   Level 3.1 Shields
 - Level 14.4 Invocations
 - Level 5.1 Evocations


You had 13 spell levels left.
You knew the following spells:

 Your Spells              Type           Power        Failure   Level  Hunger
a - Animate Skeleton      Necr           N/A          73%         1    ##.....
b - Regeneration          Chrm/Necr      #.........   97%         3    ####...


Dungeon Overview and Level Annotations

Branches:
Dungeon (15/15)            Temple (1/1) D:7            Lair (6/6) D:8
 Shoals (4/4) Lair:2        Snake (4/4) Lair:3        Slime (0/5) Lair:6
    Orc (2/2) D:11            Elf (0/3) Orc:2        Vaults (0/5) D:14
 Depths (0/5) D:15

Altars:
Ashenzari
Cheibriados
Dithmenos
Elyvilon
Fedhas
Gozag
Hepliaklqana
Kikubaaqudgha
Makhleb
Nemelex Xobeh
Okawaru
Qazlal
Ru
Sif Muna
Trog
Uskayaw
Vehumet
Xom
Yredelemnul
Zin
The Shining One
Beogh
Jiyva

Shops:
D:5 [   D:8 (   D:15 (   Orc:2 :=*}*[(   Snake:3 ?


Innate Abilities, Weirdness & Mutations

You have hooves in place of feet.
You are completely covered in large bone plates. (SH +8)
Your flesh is cold resistant. (rC+)
A powerful demonic guardian rushes to your aid.
When hurt, damage is shared between your health and your magic reserves.
You are immune to freezing clouds.
Your life essence is reduced. (-10% HP)
You can translocate small distances at will.
Your spells are a little harder to cast, but a little more powerful.


Message History

The faun closely misses you.
Thoko barely misses the merfolk avatar.
The merfolk avatar chants its luring song.
The sea snake barely misses you.
Your cacodemon hits the merfolk avatar. Your cacodemon hits the merfolk avatar!
The merfolk avatar chants its luring song.
You puncture the merfolk avatar! You kick the merfolk avatar.
The merfolk avatar is moderately wounded.
* * * LOW HITPOINT WARNING * * *
You feel sick. You block the faun's attack.
Thoko hits the merfolk avatar with a dagger of draining.
Thoko drains the merfolk avatar!
The sea snake bites you!
* * * LOW HITPOINT WARNING * * *
You are more poisoned.
The sea snake poisons you!
Your cacodemon hits the merfolk avatar. x2
The merfolk avatar chants its luring song.
You feel yourself speed up.
Your surroundings suddenly seem different.
Splash!
You are no longer entranced.
You die...

*≈≈≈≈≈,≈≈≈≈≈≈≈≈≈≈...≈≈≈#
#≈≈≈≈≈≈≈....≈≈≈≈≈..≈≈≈≈≈
#≈≈≈≈≈≈≈.....≈≈≈≈≈≈≈≈≈≈≈
#≈≈≈≈≈≈≈......≈≈≈≈≈≈≈≈≈≈
#≈≈≈≈≈≈≈.......≈≈≈≈≈≈≈≈≈
#≈≈≈≈≈≈≈.......≈≈≈≈≈≈≈≈≈
#≈≈≈≈≈≈≈.......≈≈≈≈≈≈≈≈≈
#≈≈≈≈≈≈≈.......≈≈≈≈≈≈≈≈≈
#≈≈≈≈≈≈@≈.....≈≈≈≈≈≈≈≈≈≈
#≈≈≈≈≈≈≈≈≈≈≈≈≈≈≈≈≈≈≈≈≈≈≈
#≈≈≈≈≈≈≈≈≈≈≈≈≈≈≈≈≈≈≈≈≈≈≈
#≈≈≈≈≈≈≈≈≈≈≈≈≈≈≈≈≈≈≈≈≈≈≈
#≈≈≈≈≈≈≈≈≈≈≈≈≈≈≈≈≈≈≈≈≈≈≈
#≈≈≈≈≈≈≈≈≈≈≈≈≈≈≈≈≈≈≈≈≈≈≈
#≈≈≈≈≈≈≈≈≈≈≈≈≈≈≈≈≈≈≈≈≈≈≈
###############*********


There were no monsters in sight!

Vanquished Creatures
  Mara (Shoals:3)
  Bai Suzhen (Snake:3)
  Kirke (Shoals:2)
  9 nagarajas
  The ghost of mrks the Hoplite, a journeyman MiFi of Okawaru (Snake:1)
  A frost giant (Shoals:4)
  An orc warlord (Orc:2)
  A stone giant (Volcano)
  The ghost of gorpus the Blinker, a journeyman DECj of Sif Muna (D:14)
  2 minotaurs
  2 merfolk javelineers
  2 ettins
  2 merfolk impalers
  14 naga warriors
  3 hydras
  7 anacondas
  2 merfolk avatars (Shoals:4)
  A merfolk aquamancer (Shoals:4)
  3 centaur warriors (D:14)
  A tengu warrior (D:14)
  2 satyrs
  2 two-headed ogres
  3 death yaks (Lair:6)
  3 shock serpents
  Urug (D:14)
  14 naga sharpshooters
  A deep elf knight (D:15)
  8 skeletal warriors (D:15)
  Sonja (D:11)
  2 salamander mystics (Snake:3)
  9 naga ritualists
  A swamp dragon (Lair:6)
  An unseen horror (shapeshifter) (D:15)
  9 sea snakes
  A wizard (D:15)
  3 lindwurms (Lair:6)
  A wolf spider zombie (D:14)
  2 mana vipers (Snake:3)
  2 harpies (Shoals:2)
  6 orc knights
  2 ugly things
  6 fauns
  6 manticores
  3 orc sorcerers
  2 deep elf magi
  2 oklob plants
  5 salamanders
  4 cyclopes
  5 elephants
  Maurice (Orc:1)
  29 naga magi
  3 guardian serpents (Snake:3)
  A spiny frog (shapeshifter) (D:13)
  4 merfolk sirens
  25 black mambas
  3 water nymphs
  4 gargoyles
  3 komodo dragons
  6 rime drakes
  9 spiny frogs
  2 centaur skeletons
  An efreet (Volcano)
  A queen bee (D:12)
  21 merfolk
  7 trolls
  7 meliai
  A polar bear (Lair:1)
  A wind drake (Shoals:2)
  A harpy skeleton (D:13)
  4 dream sheep
  A hornet (D:10)
  8 snapping turtles
  12 hippogriffs
  11 blink frogs
  A blink frog (shapeshifter) (D:13)
  4 slime creatures
  A meliai zombie (D:14)
  A redback (D:12)
  2 vampires
  A wraith (D:13)
  4 shadows
  3 water elementals
  10 humans (D:14)
  5 basilisks
  3 wyverns
  18 yaks
  A fire elemental (Volcano)
  2 hogs (Shoals:2)
  5 steam dragons
  Grum (D:11)
  2 hungry ghosts
  A vampire mosquito (D:12)
  2 wargs
  49 nagas
  5 water moccasins
  2 hell hounds (Lair:5)
  An acid dragon (Lair:6)
  A soldier ant (D:10)
  Duvessa (D:5)
  5 porcupines
  A swamp drake (D:8)
  A sky beast (D:12)
  10 ice beasts
  32 orc warriors
  2 phantoms
  A necrophage (D:9)
  2 eyes of draining
  3 boggarts (D:15)
  9 ogres
  27 wolves
  13 centaurs
  8 crocodiles
  Blork the orc (D:6)
  10 bullfrogs
  A wyvern zombie (D:7)
  An earth elemental (Volcano)
  A wyvern skeleton (D:6)
  Dowan (D:5)
  5 scorpions
  13 killer bees
  9 wights
  8 howler monkeys
  7 crimson imps
  3 bullfrog zombies
  8 hounds
  A quasit (D:14)
  3 centaur zombies
  3 jellies
  25 orc priests
  Crazy Yiuf (D:4)
  5 iguanas
  Jessica (D:15)
  3 bullfrog skeletons
  30 orc wizards
  8 worker ants
  2 hound zombies
  A hound skeleton (D:4)
  3 worker ant zombies
  Robin (D:2)
  9 adders
  7 shadow imps
  An ooze (D:4)
  An adder zombie (D:7)
  An adder skeleton (D:4)
  5 worms
  4 dart slugs
  5 leopard geckos
  103 orcs
  7 giant cockroaches
  13 goblins
  7 hobgoblins
  13 jackals
  7 kobolds
  6 quokkas
  2 ball pythons
  5 bats
  8 frilled lizards
  12 rats
  A bush (Lair:6)
  A plant (Shoals:1)
942 creatures vanquished.

Vanquished Creatures (collateral kills)
  Saint Roka (Orc:1)
  3 nagarajas
  Ilsuiw (Shoals:4)
  A merfolk javelineer (Shoals:4)
  4 merfolk impalers
  Erolcha (D:11)
  An ogre mage (D:15)
  A fire dragon (Lair:6)
  4 hydras
  A centaur warrior (D:13)
  A naga warrior (Snake:4)
  A satyr (Shoals:4)
  An anaconda (shapeshifter) (D:12)
  2 anacondas (Snake:3)
  An alligator snapping turtle (Shoals:4)
  2 catoblepae (Lair:6)
  2 merfolk aquamancers (Shoals:4)
  2 two-headed ogres
  An orc high priest (Orc:2)
  A naga sharpshooter (Snake:4)
  A shock serpent (Snake:3)
  The ghost of ArtsTyrian the Sneak, a novice NaTm of Cheibriados (D:7)
  A salamander mystic (Snake:3)
  A deep troll (D:15)
  4 sea snakes
  4 mana vipers
  A harpy (Shoals:2)
  2 manticores
  An orc knight (Orc:1)
  3 orc sorcerers (Orc:2)
  2 ugly things
  2 fauns
  A centaur zombie (D:14)
  5 merfolk sirens
  5 elephants
  9 black mambas
  Psyche (D:8)
  A torpor snail (Lair:6)
  2 naga magi
  A gargoyle (Volcano)
  A rime drake (Lair:6)
  A kobold demonologist (D:14)
  A troll (Orc:2)
  4 merfolk
  3 hippogriffs
  6 blink frogs
  A slime creature (D:13)
  A wind drake (Shoals:4)
  8 dream sheep
  A water elemental (Shoals:4)
  5 humans (D:14)
  7 yaks
  2 hogs (Shoals:2)
  A warg (Orc:2)
  A water moccasin (Lair:3)
  Edmund (D:6)
  13 nagas
  3 acid dragons
  9 orc warriors
  A porcupine (Lair:3)
  7 ice beasts
  2 ogres
  An eye of draining (D:14)
  A sky beast (D:6)
  7 wolves
  A boggart (D:15)
  6 crocodiles
  3 bullfrogs
  A scorpion (D:5)
  4 killer bees
  4 wights
  A jelly (D:6)
  A quasit (D:6)
  A hound (D:10)
  5 orc priests
  8 orc wizards
  An iguana (Lair:6)
  A worker ant (D:7)
  2 adders (D:8)
  A shadow imp (D:6)
  14 orcs
  A quokka (D:7)
  A butterfly (Lair:4)
  2 plants
226 creatures vanquished.

Vanquished Creatures (others)
  3 humans
  15 hexers
  An ancestor (Lair:1)
  3 fungi
  12 plants
34 creatures vanquished.

Grand Total: 1202 creatures vanquished

Notes
Turn   | Place    | Note
-------+----------+-------------------------------------------
     0 | D:1      | ghwc the Demonspawn Gladiator began the quest for the Orb.
     0 | D:1      | Reached XP level 1. HP: 16/16 MP: 1/1
   396 | D:1      | Reached skill level 3 in Maces & Flails
   513 | D:1      | Gained mutation: You have large cloven feet. [demonic ancestry]
   513 | D:1      | Reached XP level 2. HP: 19/22 MP: 2/2
  1032 | D:2      | Reached XP level 3. HP: 5/27 MP: 3/3
  1355 | D:2      | Found a glowing golden altar of the Shining One.
  1396 | D:2      | Reached skill level 4 in Maces & Flails
  1851 | D:2      | Found a burning altar of Makhleb.
  2260 | D:3      | Noticed Robin
  2320 | D:2      | Killed Robin
  2320 | D:2      | Gained mutation: When hurt, damage is shared between your health and your magic reserves. [demonic ancestry]
  2320 | D:2      | Reached XP level 4. HP: 28/33 MP: 4/4
  2776 | D:3      | Found a faded altar of an unknown god.
  3012 | D:3      | Found a snail-covered altar of Cheibriados.
  3062 | D:4      | Reached skill level 5 in Maces & Flails
  3082 | D:4      | Found a shadowy altar of Dithmenos.
  3193 | D:4      | Gained mutation: You are partially covered in large bone plates. (SH +4) [demonic ancestry]
  3193 | D:4      | Reached XP level 5. HP: 18/38 MP: 2/5
  3339 | D:4      | Found a deep blue altar of Sif Muna.
  3360 | D:4      | Found a radiant altar of Vehumet.
  3520 | D:4      | Reached skill level 6 in Maces & Flails
  3533 | D:4      | Found a runed door.
  3803 | D:4      | Noticed an ice beast
  3814 | D:4      | Killed an ice beast
  3814 | D:4      | Gained mutation: A weak demonic guardian rushes to your aid. [demonic ancestry]
  3814 | D:4      | Reached XP level 6. HP: 44/44 MP: 3/6
  4122 | D:4      | Noticed Crazy Yiuf
  4130 | D:4      | Killed Crazy Yiuf
  4130 | D:4      | Reached skill level 7 in Maces & Flails
  4271 | D:5      | Entered Level 5 of the Dungeon
  4271 | D:5      | Noticed Duvessa
  4271 | D:5      | Noticed Dowan
  4299 | D:4      | Gained mutation: You are clumsy. (Dex -2) [potion of mutation]
  4299 | D:4      | Gained mutation: You can translocate small distances at will. [potion of mutation]
  4299 | D:4      | Gained mutation: Your spells are a little harder to cast, but a little more powerful. [potion of mutation]
  4299 | D:4      | Lost mutation: You are clumsy. (Dex -2) [potion of mutation]
  4374 | D:5      | Killed Duvessa
  4374 | D:5      | Gained mutation: You have hoof-like feet. [demonic ancestry]
  4374 | D:5      | Reached XP level 7. HP: 36/50 MP: 4/7
  4375 | D:5      | Killed Dowan
  4530 | D:5      | Found Zeigyeh's Armour Emporium.
  4792 | D:5      | Reached skill level 8 in Maces & Flails
  5096 | D:6      | Noticed Blork the orc
  5112 | D:6      | Killed Blork the orc
  5112 | D:6      | Reached skill level 1 in Shields
  5320 | D:6      | Gained mutation: A demonic guardian rushes to your aid. [demonic ancestry]
  5320 | D:6      | Reached XP level 8. HP: 57/57 MP: 8/8
  5564 | D:6      | Noticed Edmund
  5569 | D:6      | Killed Edmund
  5569 | D:6      | Reached skill level 9 in Maces & Flails
  5662 | D:6      | Noticed a moth of wrath
  5738 | D:6      | Found a bloodstained altar of Trog.
  6274 | D:7      | Found a glowing golden altar of the Shining One.
  6476 | D:7      | Noticed ArtsTyrian's ghost (novice NaTm)
  6482 | D:7      | Killed ArtsTyrian's ghost
  6482 | D:7      | Reached XP level 9. HP: 49/67 MP: 6/9
  6496 | D:7      | Got a smoking steel ring
  6497 | D:7      | Identified the ring "Xiebifro" {rPois rF+ rC- Str+5} (You found it on level 7 of the Dungeon)
  6505 | D:7      | Reached skill level 10 in Maces & Flails
  6506 | D:7      | Reached skill level 5 in Fighting
  7536 | D:8      | Reached skill level 1 in Armour
  7559 | D:8      | Reached skill level 11 in Maces & Flails
  7723 | D:8      | Found Beipal's Weapon Boutique.
  7732 | D:8      | Gained mutation: You are mostly covered in large bone plates. (SH +6) [demonic ancestry]
  7732 | D:8      | Reached XP level 10. HP: 73/74 MP: 10/10
  7814 | D:8      | Noticed Psyche
  8108 | D:8      | Found a staircase to the Lair.
  8109 | D:8      | Noticed an elephant
  8121 | D:8      | Killed an elephant
  8242 | D:8      | Reached skill level 5 in Dodging
  8296 | D:8      | Killed Psyche
  8318 | D:8      | Found an opulent altar of Gozag.
  8352 | D:8      | Found an ancient bone altar of Kikubaaqudgha.
  8583 | D:9      | Reached skill level 12 in Maces & Flails
  9368 | D:10     | Entered Level 10 of the Dungeon
 10148 | D:11     | Gained mutation: You have hooves in place of feet. [demonic ancestry]
 10148 | D:11     | Reached XP level 11. HP: 80/80 MP: 11/11
 10157 | D:11     | Noticed Erolcha
 10158 | D:11     | Noticed a five-headed hydra
 10169 | D:11     | Got a brightly glowing morningstar
 10170 | D:11     | Identified the cursed +3 morningstar "Qonih" {antimagic, rF+++ SInv} (You found it on level 11 of the Dungeon)
 10180 | D:11     | Killed a five-headed hydra
 10185 | D:11     | Killed Erolcha
 10185 | D:11     | Reached skill level 13 in Maces & Flails
 10206 | D:11     | Noticed Sonja
 10221 | D:11     | Killed Sonja
 10568 | D:11     | Noticed Grum
 10569 | D:11     | Noticed a green ugly thing
 10770 | D:11     | Killed a green ugly thing
 11078 | D:11     | Killed Grum
 11848 | D:11     | Found a staircase to the Orcish Mines.
 11925 | D:11     | Reached skill level 14 in Maces & Flails
 12399 | D:7      | Found a staircase to the Ecumenical Temple.
 12407 | Temple   | Entered the Ecumenical Temple
 12455 | Temple   | Became a worshipper of Hepliaklqana the Forgotten
 12604 | Lair:1   | Entered Level 1 of the Lair of Beasts
 12736 | Lair:1   | Noticed an eight-headed hydra
 12743 | Lair:1   | Killed an eight-headed hydra
 12992 | Lair:1   | Noticed a seven-headed hydra
 13002 | Lair:1   | Killed a seven-headed hydra
 13349 | Lair:1   | Reached skill level 15 in Maces & Flails
 13411 | Lair:1   | Reached * piety under Hepliaklqana
 13732 | Lair:1   | Reached XP level 12. HP: 59/77 MP: 8/12
 14004 | Lair:2   | Found a labyrinth entrance.
 14018 | Lab      | Entered a labyrinth
 14275 | Lab      | Noticed a minotaur
 14284 | Lab      | Killed a minotaur
 14300 | Lab      | Got a distressingly furry leather armour
 14333 | Lab      | Identified the cursed +1 leather armour of Insecurity {Regen+ Int+2} (You found it in a labyrinth)
 14365 | Lair:2   | Reached ** piety under Hepliaklqana
 14369 | Lair:2   | Remembered your ancestor Thoko as a hexer
 15560 | Lair:2   | Found a staircase to the Shoals.
 15618 | Lair:2   | Reached skill level 1 in Bows
 16040 | Lair:3   | Found a staircase to the Snake Pit.
 16281 | Lair:3   | Reached *** piety under Hepliaklqana
 16349 | Lair:3   | Found a frozen archway.
 16373 | Lair:3   | Reached skill level 16 in Maces & Flails
 16395 | IceCv    | Entered an ice cave
 16407 | IceCv    | Found a transporter.
 16423 | IceCv    | Got shimmering ice dragon scales
 16428 | IceCv    | Got a shimmering rapier
 16696 | Lair:3   | Reached skill level 5 in Armour
 16707 | Lair:3   | Identified the cursed +1 ice dragon scales of the Snake Pit {+Blink rPois rF- rC++} (You found it in an ice cave)
 17110 | Lair:3   | Noticed a six-headed hydra
 17113 | Lair:3   | Killed a six-headed hydra
 18078 | Lair:4   | Reached **** piety under Hepliaklqana
 18525 | Lair:4   | Gained mutation: You are completely covered in large bone plates. (SH +8) [demonic ancestry]
 18525 | Lair:4   | Reached XP level 13. HP: 69/86 MP: 9/13
 18775 | Lair:5   | Reached skill level 5 in Bows
 18877 | Lair:5   | Found a dark tunnel.
 18900 | Volcano  | Entered a volcano
 19070 | Volcano  | Noticed a stone giant
 19126 | Volcano  | Killed a stone giant
 20042 | Lair:6   | Entered Level 6 of the Lair of Beasts
 20415 | Lair:6   | Found a viscous altar of Jiyva.
 20415 | Lair:6   | Found a staircase to the Slime Pits.
 20460 | Lair:6   | Reached ***** piety under Hepliaklqana
 20619 | Lair:6   | Reached skill level 1 in Invocations
 20790 | Lair:6   | Noticed a fire dragon
 20800 | Lair:6   | Killed a fire dragon
 21000 | Lair:6   | Identified the +6 rapier of the Valley of Death {elec, rC+ Str+4} (You found it in an ice cave)
 21470 | Lair:6   | Gained mutation: Your flesh is cold resistant. (rC+) [demonic ancestry]
 21470 | Lair:6   | Reached XP level 14. HP: 76/97 MP: 11/17
 21784 | Lair:3   | Learned a level 1 spell: Animate Skeleton
 21788 | Lair:3   | Learned a level 3 spell: Regeneration
 21963 | Orc:1    | Entered Level 1 of the Orcish Mines
 22192 | Orc:1    | Reached skill level 5 in Invocations
 22768 | Orc:1    | Found a roughly hewn altar of Beogh.
 23108 | Orc:2    | Entered Level 2 of the Orcish Mines
 23143 | Orc:2    | Found Qokhlenamp's Book Shoppe.
 23194 | Orc:2    | Noticed Saint Roka
 23237 | Orc:2    | Reached skill level 10 in Fighting
 23541 | Orc:1    | Noticed Maurice
 23548 | Orc:1    | Killed Maurice
 23667 | Orc:2    | Found Cudiegamn's Gadget Boutique.
 23905 | Orc:1    | Killed Saint Roka
 24396 | Orc:2    | Found a roughly hewn altar of Beogh.
 24408 | Orc:2    | Found Eshul's Antique Weapon Shop.
 24423 | Orc:2    | Found Segiet's General Store.
 24436 | Orc:2    | Found Piazyafu's Jewellery Shop.
 24447 | Orc:2    | Found Geun Ci Voo's Antique Armour Shop.
 24821 | Orc:2    | Found a staircase to the Elven Halls.
 24873 | Orc:2    | Found Fusireoz's General Store.
 25036 | Orc:2    | Noticed an orc warlord
 25059 | Orc:2    | Killed an orc warlord
 25090 | Orc:2    | HP: 3/99 [orc warrior/long sword[an orc warlord] (11)]
 25516 | Orc:2    | Bought 24 arrows for 81 gold pieces
 25516 | Orc:2    | Bought 13 arrows for 44 gold pieces
 25516 | Orc:2    | Bought 29 arrows for 98 gold pieces
 25537 | Orc:2    | Found a roughly hewn altar of Beogh.
 25619 | Orc:2    | Bought a scroll of teleportation for 51 gold pieces
 25619 | Orc:2    | Bought a potion of experience for 850 gold pieces
 25619 | Orc:2    | Reached skill level 10 in Invocations
 25619 | Orc:2    | Reached XP level 15. HP: 105/105 MP: 19/22
 26502 | D:12     | Got an ancient dire flail
 26503 | D:12     | Identified the +6 dire flail "Siulig" {crush, rElec rC+ rN++ Str-2} (You found it on level 12 of the Dungeon)
 27115 | D:13     | Found a flickering gateway to a bazaar.
 27119 | D:13     | Found a sacrificial altar of Ru.
 27128 | Bazaar   | Entered a bazaar
 27128 | Bazaar   | Found Vickam's Magic Scroll Shoppe.
 27128 | Bazaar   | Found Ilumuraoff's Assorted Antiques.
 27128 | Bazaar   | Found Tidaeh's Armour Emporium.
 27130 | Bazaar   | Found Nitixom's Magic Scroll Emporium.
 27144 | Bazaar   | Bought a scroll of enchant weapon for 67 gold pieces
 27144 | Bazaar   | Bought a scroll of enchant armour for 67 gold pieces
 27144 | Bazaar   | Bought a scroll of summoning for 85 gold pieces
 27144 | Bazaar   | Bought a scroll of summoning for 85 gold pieces
 27149 | Bazaar   | Bought a dented malachite amulet for 95 gold pieces
 27152 | Bazaar   | Bought a scroll of remove curse for 36 gold pieces
 27152 | Bazaar   | Bought a scroll of remove curse for 36 gold pieces
 27152 | Bazaar   | Bought a scroll of magic mapping for 42 gold pieces
 27152 | Bazaar   | Bought a scroll of identify for 24 gold pieces
 27152 | Bazaar   | Bought 2 scrolls of identify for 48 gold pieces
 27152 | Bazaar   | Bought a scroll of teleportation for 36 gold pieces
 27152 | Bazaar   | Bought a scroll of fog for 24 gold pieces
 27237 | D:13     | Found a white marble altar of Elyvilon.
 27747 | D:13     | Found a white marble altar of Elyvilon.
 27839 | D:12     | Reached skill level 10 in Armour
 28401 | D:14     | Reached ****** piety under Hepliaklqana
 28457 | D:14     | Noticed Urug
 28475 | D:14     | Gained mutation: You are immune to freezing clouds. [demonic ancestry]
 28475 | D:14     | Reached XP level 16. HP: 92/112 MP: 18/24
 28498 | D:14     | Killed Urug
 28759 | D:14     | Found a gate to the Vaults.
 29065 | D:14     | Noticed gorpus's ghost (journeyman DECj)
 29079 | D:14     | Killed gorpus's ghost
 29679 | D:15     | Entered Level 15 of the Dungeon
 29699 | D:15     | Noticed Jessica
 29811 | D:15     | Found a deep blue altar of Sif Muna.
 29817 | D:15     | Killed Jessica
 29894 | D:15     | Found a staircase to the Depths.
 30649 | D:15     | Found Qanecod's Antique Weapon Emporium.
 31408 | Snake:1  | Entered Level 1 of the Snake Pit
 31576 | Snake:1  | Reached skill level 10 in Bows
 31656 | Snake:1  | Noticed mrks's ghost (journeyman MiFi)
 31691 | Snake:1  | Killed mrks's ghost
 32884 | Snake:2  | Identified a scroll of acquirement
 32885 | Snake:2  | Got a jewelled hat
 32898 | Snake:2  | Identified the +0 hat "Soer" {rElec Regen+ Str+3 Int+2} (You acquired it on level 2 of the Snake Pit)
 34270 | Snake:3  | Reached XP level 17. HP: 121/121 MP: 27/27
 34820 | Snake:3  | Found Uway's Magic Scroll Shoppe.
 35003 | Snake:3  | Bought a scroll of remove curse for 39 gold pieces
 35003 | Snake:3  | Bought a scroll of recharging for 123 gold pieces
 35003 | Snake:3  | Bought a scroll of teleportation for 39 gold pieces
 35003 | Snake:3  | Bought a scroll of teleportation for 39 gold pieces
 35003 | Snake:3  | Bought 3 scrolls of remove curse for 117 gold pieces
 35257 | Snake:3  | Noticed Bai Suzhen
 35304 | Snake:3  | Killed Bai Suzhen
 35780 | Snake:4  | Entered Level 4 of the Snake Pit
 36854 | Snake:4  | Reached skill level 1 in Evocations
 37089 | Shoals:1 | Entered Level 1 of the Shoals
 37656 | Snake:4  | Reached skill level 5 in Evocations
 37905 | Snake:4  | Gained mutation: A powerful demonic guardian rushes to your aid. [demonic ancestry]
 37905 | Snake:4  | Reached XP level 18. HP: 131/131 MP: 28/28
 38109 | Snake:4  | Got a serpentine rune of Zot
 39002 | Shoals:1 | Found a hide-covered altar of Uskayaw.
 39054 | Shoals:1 | Got a crystal longbow
 39055 | Shoals:1 | Identified the +2 longbow "Uruvenk" {freeze, rF+ Stlth+} (You found it on level 1 of the Shoals)
 39124 | Shoals:2 | Noticed Kirke
 39139 | Shoals:2 | Killed Kirke
 39273 | Shoals:2 | Reached skill level 15 in Fighting
 39287 | Shoals:2 | HP: 10/201 [poisoned by a merfolk impaler]
 39293 | Shoals:2 | HP: 9/201 [poisoned by a merfolk impaler]
 39299 | Shoals:2 | HP: 8/201 [poisoned by a merfolk impaler]
 39304 | Shoals:2 | HP: 9/201 [poisoned by a merfolk impaler]
 39620 | Shoals:3 | Noticed Mara
 39727 | Shoals:3 | Killed Mara
 39934 | Shoals:4 | Entered Level 4 of the Shoals
 39965 | Shoals:4 | Identified the Compendium of the Bewitching Entourage
 39986 | Shoals:4 | Noticed Ilsuiw
 39996 | Shoals:4 | Killed Ilsuiw
 40420 | Shoals:4 | Got a barnacled rune of Zot
 40733 | Shoals:4 | HP: 2/135 [sea snake (5)]
 40734 | Shoals:4 | Succumbed to a sea snake's poison

Skill      XL: |  1  2  3  4  5  6  7  8  9 10 11 12 13 14 15 16 17 18 |
---------------+-------------------------------------------------------+-----
Maces & Flails | 3 4 5 6 7 8 9 11 12 15 16 | 16.0
Shields        | 1 3 |  3.1
Fighting       | 4 5 7 9 10 11 12 14 15 | 15.9
Dodging        | 4 5 6 7 |  7.3
Armour         | 2 4 6 8 9 10 11 | 11.0
Bows           | 4 7 8 9 10 12 14 | 14.1
Invocations    | 4 10 11 13 14 | 14.4
Evocations     | 5 |  5.1
Throwing       | |  1.7

Action                   |  1- 3 |  4- 6 |  7- 9 | 10-12 | 13-15 | 16-18 || total
-------------------------+-------+-------+-------+-------+-------+-------++-------
Melee: Flail             |   176 |   235 |    64 |       |       |       ||   475
       Kick              |    38 |    73 |   139 |   319 |   428 |   520 ||  1517
       Morningstar       |       |       |   146 |    74 |   313 |   192 ||   725
       Dire flail        |       |       |   166 |   629 |   495 |   730 ||  2020
 Fire: Longbow           |       |       |       |    30 |    89 |   545 ||   664
Throw: Throwing net      |       |     1 |     4 |     2 |       |       ||     7
Invok: Recall Ancestor   |       |       |       |     1 |       |     9 ||    10
       Ancestor Life: He |       |       |       |     1 |       |       ||     1
       Idealise          |       |       |       |       |     3 |    17 ||    20
       Transference      |       |       |       |       |     1 |     3 ||     4
 Abil: Evoke Blink       |       |       |       |       |     1 |       ||     1
Evoke: Wand              |       |       |     4 |     5 |    10 |     3 ||    22
       Lightning rod     |       |       |       |       |     8 |     4 ||    12
  Use: Scroll            |       |    14 |     3 |    17 |    17 |    20 ||    71
       Potion            |       |     9 |     4 |     9 |     8 |     9 ||    39
 Stab: Held in net/web   |       |     1 |       |       |       |       ||     1
       Distracted        |       |     1 |     1 |     9 |    12 |    13 ||    36
       Confused          |       |       |       |     3 |     9 |    13 ||    25
       Petrified         |       |       |       |       |     7 |       ||     7
       Paralysed         |       |       |       |       |     7 |    47 ||    54
  Eat: Chunk             |     3 |     3 |     7 |     8 |     4 |     1 ||    26
       Royal jelly       |     1 |       |       |     9 |     7 |     7 ||    24
       Meat ration       |       |     1 |       |     2 |     2 |     1 ||     6
       Fruit             |       |       |     4 |     2 |     8 |    18 ||    32
Armor: Plate armour      |   155 |   164 |   222 |   256 |     1 |       ||   798
       Ring mail         |     8 |       |       |       |       |       ||     8
       Skin              |       |       |     1 |       |       |     3 ||     4
       Ice dragon scales |       |       |       |    55 |   200 |   311 ||   566
Dodge: Dodged            |    53 |    54 |    69 |   250 |   326 |   513 ||  1265
Block: Buckler           |       |    35 |    82 |       |       |       ||   117
       Other             |       |       |    21 |   189 |   219 |   335 ||   764
